 Dungeon Crawl Stone Soup version 0.22.1-1-ga44c0e56f4 (webtiles) character file.

21919 Gargoyl the Envoy of Void (level 12, -6/97 HPs)
             Began as a Centaur Abyssal Knight on Oct 9, 2018.
             Was a High Priest of Lugonu.
             Killed from afar by an ice statue (9 damage)
             ... with a freezing blast
             ... in an ice cave.
             The game lasted 00:31:48 (19517 turns).

Gargoyl the Envoy of Void (Centaur Abyssal Knight) Turns: 19517, Time: 00:31:48

Health: -6/97      AC: 19    Str: 18    XL:     12   Next: 58%
Magic:  19/19      EV:  0    Int: 11    God:    Lugonu [*****.]
Gold:   805        SH: 21    Dex: 11    Spells: 11/11 levels left

rFire    . . .     SeeInvis .   o - +2 hand axe (flame)
rCold    + . .     Gourm    .   x - +2 large shield
rNeg     . . .     Faith    .   w - +0 plate armour (curse)
rPois    +         Spirit   .   (no helmet)
rElec    .         Reflect  +   j - +1 cloak
rCorr    .         Harm     .   (no gloves)
MR       .....                  k - +0 centaur barding
Stlth    ..........             u - +4 amulet of reflection
HPRegen  0.26/turn              r - ring of protection from cold
MPRegen  0.16/turn              t - ring of poison resistance

@: very quick
A: large, hooves 3, deformed body, speed 2, tough skin 3
a: Depart the Abyss, Bend Space, Banish, Corrupt, Enter the Abyss, Renounce
Religion


You were in an ice cave.
You worshipped Lugonu.
Lugonu was extremely pleased with you.
You were not hungry.

You visited 2 branches of the dungeon, and saw 12 of its levels.
You visited the Abyss 1 time.
You also visited: Ice Cave.

You collected 913 gold pieces.
You spent 108 gold pieces at shops.

Inventory:

Hand Weapons
 a - a +2 hand axe of chopping
 f - the +1 falchion "Fymoxa" {protect, rPois rF+}
   (You found it on level 2 of the Abyss)

   It protects the one who uses it against injury (+AC on strike).
   It protects you from fire.
   It protects you from poison.
 o - a +2 hand axe of flaming (weapon)
 y - a +0 club
Missiles
 D - 7 javelins (quivered)
Armour
 j - a +1 cloak (worn)
 k - a +0 centaur barding (worn)
 w - a cursed +0 plate armour (worn)
 x - a +2 large shield (worn)
Jewellery
 r - a ring of protection from cold (left hand)
 t - a ring of poison resistance (right hand)
 u - a +4 amulet of reflection (around neck)
Wands
 e - a wand of enslavement (22)
 l - a wand of flame (71)
 p - a wand of polymorph (4)
 A - a wand of disintegration (8)
 C - a wand of paralysis (7)
 E - a wand of iceblast (14)
Scrolls
 g - 11 scrolls of identify
 n - 4 scrolls of amnesia
 q - 2 scrolls of teleportation
 s - 5 scrolls of remove curse
Potions
 b - a potion of cancellation
 d - 3 potions of curing
 h - a potion of haste
 i - 2 potions of resistance
 m - 2 potions of flight
 z - a potion of agility
 B - a potion of mutation {unknown}
Comestibles
 c - 20 rations


   Skills:
 + Level 6.9 Fighting
 + Level 8.6 Long Blades
 + Level 3.4 Axes
 + Level 2.3 Throwing
 * Level 8.3 Armour
 + Level 3.3 Dodging
 + Level 7.7 Shields
 * Level 10.0 Invocations


You had 11 spell levels left.
You didn't know any spells.
Your spell library contained the following spells:

 Spells                   Type           Power        Failure   Level  Hunger
 Animate Skeleton         Necr           N/A          100%        1    ##.....
 Magic Dart               Conj           #...         100%        1    ##.....
 Pain                     Necr           #...         100%        1    ##.....
 Searing Ray              Conj           #.....       100%        2    ###....
 Dazzling Spray           Conj/Hex       #.....       100%        3    ####...
 Regeneration             Chrm/Necr      #.........   100%        3    ####...
 Vampiric Draining        Necr           #.........   100%        3    ####...
 Animate Dead             Necr           N/A          100%        4    #####..
 Force Lance              Conj/Tloc      #.......     100%        4    #####..
 Fulminant Prism          Conj/Hex       #.........   100%        4    #####..
 Iskenderun's Mystic Bla  Conj           #.......     100%        4    #####..
 Bolt of Magma            Conj/Fire/Erth #.........   100%        5    ######.
 Irradiate                Conj/Tmut      #.........   100%        5    ######.
 Iskenderun's Battlesphe  Conj/Chrm      #.......     100%        5    ######.
 Venom Bolt               Conj/Pois      #.........   100%        5    ######.
 Hydra Form               Tmut           #.........   100%        6    #######
 Iron Shot                Conj/Erth      #.........   100%        6    #######
 Statue Form              Tmut/Erth      #........    100%        6    #######
 Dragon Form              Tmut           #.........   100%        7    #######
 Orb of Destruction       Conj           #.........   100%        7    #######
 Spellforged Servitor     Conj/Summ      #.........   100%        7    #######


Dungeon Overview and Level Annotations

Branches:
Dungeon (11/15)            Temple (0/1) D:4            Lair (1/6) D:10
    Orc: D:9-12

Altars:
Dithmenos
Hepliaklqana
Vehumet
Yredelemnul
Zin
The Shining One
Beogh

Shops:
D:7 !

Annotations:
D:3 iVAG's ghost, amateur DrCj
D:4 3 runed doors, dittoslash's ghost, amateur MfIE
D:5 Grinder IceCv exclusion: ice statue


Innate Abilities, Weirdness & Mutations

You have hooves in place of feet.
Armour fits poorly on your strangely shaped body.
You cover ground very quickly.
You have extremely tough skin. (AC +3)


Message History

The ice beast hits you but does no damage.
The ice statue gestures at you. The freezing blast engulfs you!
You hit the ice statue.
You melt the ice statue.
You kick the ice statue, but do no damage.
The ice statue is almost destroyed.
You hit the ice beast but do no damage.
Your plate armour prevents you from hitting the ice beast.
You hit the ice beast but do no damage.
You are engulfed in freezing vapours.
You resist.
* * * LOW HITPOINT WARNING * * *
The ice beast hits you but does no damage.
You block the ice beast's attack. The ice beast completely misses you.
The ice beast hits you but does no damage.
You feel better.
You are engulfed in freezing vapours.
You resist.
* * * LOW HITPOINT WARNING * * *
The ice beast hits you but does no damage. x2
The ice statue gestures at you. The freezing blast engulfs you! You resist.
You die...

****,,**≈*,,***≈*#..#
*,*,,,**≈*,***≈≈*#.##
,,*,,,*≈≈*,,*****#.##
***,,**≈≈*#,,* ##.#
**,,*****≈#.,* ##.#
**,***,,***#.** ##..#
**,,***⌠,*≈#..*##§.##
,**,**,,,*≈*#..#Y§.#
∩,*,,,*,,*≈*#..Y@Y##
,***,,*,***≈##.§8§#
** *****,**≈*##.§##
******,**,*≈≈*#..#
*,*,*,,*,***≈≈#.##**
,,,,,,*,***≈≈≈##,*,**
,*,,,,*,***≈*≈***,*,*
,*,,,*****≈≈*** **,**
,**,** *≈≈** ***


You could see an ice statue and 3 ice beasts.

Vanquished Creatures
  A hydra (D:9)
  2 two-headed ogres
  A death yak (IceCv)
  A cyclops (D:9)
  Joseph (Lair:1)
  A spiny frog (Lair:1)
  2 rime drakes (Lair:1)
  A komodo dragon (Lair:1)
  A troll (D:9)
  5 polar bears (IceCv)
  2 dream sheep
  A meliai zombie (D:10)
  4 hippogriffs
  A wraith (D:9)
  34 yaks
  2 fire bats (D:4)
  Menkaure (D:4)
  2 wargs (D:10)
  2 water moccasins
  Duvessa (D:4)
  A sky beast (D:8)
  2 porcupines (Lair:1)
  12 orc warriors
  4 ice beasts
  5 phantoms
  6 ogres
  9 wolves (IceCv)
  4 centaurs
  A crocodile (Lair:1)
  8 bullfrogs
  6 big kobolds
  2 elf zombies (D:9)
  A gnoll sergeant (D:6)
  Dowan (D:4)
  An elf skeleton (D:9)
  A water moccasin zombie (D:6)
  3 scorpions
  10 killer bees (D:9)
  4 wights
  7 crimson imps
  A centaur zombie (D:9)
  9 orc priests
  2 jellies
  A bullfrog zombie (D:6)
  3 hounds
  4 human zombies (D:9)
  A quasit (D:10)
  3 bullfrog skeletons
  A centaur skeleton (D:10)
  2 iguanas
  Jessica (D:3)
  8 worker ants
  11 orc wizards
  A killer bee zombie (D:10)
  2 mummies
  A hound skeleton (D:7)
  A howler monkey skeleton (D:10)
  3 worker ant zombies
  12 adders
  23 gnolls
  A shadow imp (D:7)
  2 oozes
  2 adder skeletons
  2 adder zombies
  3 worms
  2 dart slugs (D:1)
  4 leopard geckos
  58 orcs
  A ball python (D:8)
  7 giant cockroaches
  6 goblins
  4 hobgoblins (D:3)
  12 jackals
  A quokka (D:6)
  6 bats
  3 frilled lizards
  A jackal zombie (D:8)
  14 kobolds
  2 orc zombies (D:9)
  A quokka skeleton (D:4)
  A quokka zombie (D:5)
  10 rats
  A fungus (Lair:1)
388 creatures vanquished.

Vanquished Creatures (others)
  A two-headed ogre (D:10)
  A molten gargoyle (Lair:1)
  3 polar bears (IceCv)
  2 wolves (IceCv)
  A kobold (D:8)
  6 plants (D:9)
14 creatures vanquished.

Grand Total: 402 creatures vanquished

Notes
Turn   | Place    | Note
-------+----------+-------------------------------------------
     0 | Abyss:1  | Gargoyl the Centaur Abyssal Knight began the quest for the
                  | Orb.
     0 | Abyss:1  | Reached XP level 1. HP: 19/19 MP: 2/2
    75 | Abyss:2  | Got a steaming falchion
    76 | Abyss:2  | Identified the cursed +1 falchion "Fymoxa" {protect, rPois
                  | rF+} (You found it on level 2 of the Abyss)
   114 | Abyss:2  | Noticed a small abomination
   117 | Abyss:2  | Noticed a smoke demon
   119 | D:1      | Escaped the Abyss
   232 | D:1      | Reached * piety under Lugonu
   310 | D:1      | Reached XP level 2. HP: 25/26 MP: 3/3
  1139 | D:2      | Reached XP level 3. HP: 20/31 MP: 4/4
  1769 | D:3      | Reached ** piety under Lugonu
  1769 | D:3      | Reached skill level 1 in Long Blades
  1769 | D:3      | Reached skill level 1 in Dodging
  1835 | D:3      | Reached XP level 4. HP: 25/38 MP: 6/6
  2073 | D:3      | Found a large runed door.
  2073 | D:3      | Found a large runed door.
  2075 | D:3      | Noticed iVAG's ghost (amateur DrCj)
  2282 | D:3      | Noticed Jessica
  2327 | D:3      | Killed Jessica
  2327 | D:3      | Reached XP level 5. HP: 31/45 MP: 5/7
  2538 | D:3      | Reached skill level 3 in Invocations
  2768 | D:4      | Found a runed gate.
  2768 | D:4      | Noticed Menkaure
  2770 | D:4      | Found a runed gate.
  2770 | D:4      | Found a runed gate.
  2776 | D:4      | Killed Menkaure
  2776 | D:4      | Reached XP level 6. HP: 26/51 MP: 4/8
  2927 | D:4      | Noticed dittoslash's ghost (amateur MfIE)
  3227 | D:4      | Found a staircase to the Ecumenical Temple.
  3248 | D:4      | Found a transporter.
  3331 | D:4      | Found a transporter.
  3335 | D:4      | Noticed a fire bat
  3335 | D:4      | Noticed a fire bat
  3864 | D:4      | Noticed Dowan
  3865 | D:4      | Noticed Duvessa
  3895 | D:4      | Killed Duvessa
  3906 | D:4      | HP: 2/52 [Dowan/shard of ice (16)]
  3923 | D:4      | Killed Dowan
  3923 | D:4      | Reached XP level 7. HP: 40/58 MP: 2/9
  4053 | D:4      | Reached *** piety under Lugonu
  4096 | D:4      | Reached skill level 1 in Shields
  4353 | D:4      | Killed a fire bat
  4353 | D:4      | Reached skill level 4 in Invocations
  4357 | D:4      | Killed a fire bat
  4808 | D:5      | Entered Level 5 of the Dungeon
  5227 | D:5      | Reached XP level 8. HP: 36/66 MP: 6/11
  6209 | D:5      | Noticed Grinder
  6345 | D:6      | Reached skill level 5 in Invocations
  6353 | D:6      | Found a shadowy altar of Dithmenos.
  6433 | D:6      | Reached skill level 1 in Throwing
  6516 | D:6      | Reached skill level 5 in Armour
  6525 | D:6      | Reached skill level 5 in Long Blades
  6536 | D:6      | Reached XP level 9. HP: 17/72 MP: 1/13
  7722 | D:6      | Reached **** piety under Lugonu
  7775 | D:6      | Reached skill level 6 in Invocations
  8038 | D:6      | Found a hazy altar of Hepliaklqana.
  8411 | D:7      | Found Wamnail's Distillery.
  8419 | D:7      | Bought a potion of heal wounds for 60 gold pieces
  8419 | D:7      | Bought a potion of might for 48 gold pieces
  8879 | D:7      | Reached skill level 5 in Fighting
  8924 | D:7      | Found a radiant altar of Vehumet.
  9806 | D:7      | Reached XP level 10. HP: 59/81 MP: 15/15
 10263 | D:7      | Reached skill level 7 in Invocations
 10287 | D:8      | Reached ***** piety under Lugonu
 10979 | D:8      | Found a glowing golden altar of the Shining One.
 11165 | D:9      | Noticed a cyclops
 11179 | D:9      | Killed a cyclops
 11882 | D:9      | Found a basalt altar of Yredelemnul.
 12349 | D:9      | Reached skill level 8 in Invocations
 12349 | D:9      | Reached XP level 11. HP: 67/89 MP: 15/17
 12713 | D:9      | Reached skill level 5 in Shields
 12727 | D:9      | Noticed a two-headed ogre
 12727 | D:9      | Noticed a two-headed ogre
 12771 | D:9      | Killed a two-headed ogre
 13256 | D:10     | Entered Level 10 of the Dungeon
 13307 | D:10     | Banished a two-headed ogre
 13573 | D:9      | Noticed a three-headed hydra
 13589 | D:9      | Killed a one-headed hydra
 14545 | D:10     | Found a roughly hewn altar of Beogh.
 14640 | D:10     | Reached skill level 9 in Invocations
 15706 | D:10     | Reached ****** piety under Lugonu
 15833 | D:10     | Noticed a two-headed ogre
 15850 | D:10     | Killed a two-headed ogre
 16195 | D:10     | Found a staircase to the Lair.
 16355 | D:10     | Reached XP level 12. HP: 80/96 MP: 19/19
 16690 | Lair:1   | Entered Level 1 of the Lair of Beasts
 16716 | Lair:1   | Noticed Joseph
 16732 | Lair:1   | Killed Joseph
 16950 | Lair:1   | Found a glowing silver altar of Zin.
 17556 | Lair:1   | Found a frozen archway.
 17577 | IceCv    | Entered an ice cave
 18674 | IceCv    | Noticed a death yak
 18702 | IceCv    | Killed a death yak
 19178 | IceCv    | Reached skill level 10 in Invocations
 19517 | IceCv    | HP: 3/97 [ice statue] (12)]
 19517 | IceCv    | Killed from afar by an ice statue

Skill      XL: |  1  2  3  4  5  6  7  8  9 10 11 12 |
---------------+-------------------------------------+-----
Armour         | 2 3 4 5 6 7 8 |  8.3
Long Blades    | 1 2 3 4 5 6 7 8 |  8.6
Dodging        | 1 2 3 |  3.3
Invocations    | 3 4 5 6 8 9 10 | 10.0
Shields        | 1 2 3 4 6 7 |  7.7
Fighting       | 4 5 6 |  6.9
Throwing       | 1 2 |  2.3
Axes           | 2 3 |  3.4

Action                   |  1- 3 |  4- 6 |  7- 9 | 10-12 || total
-------------------------+-------+-------+-------+-------++-------
Melee: Falchion          |   111 |   159 |   618 |  1353 ||  2241
       Kick              |    19 |    27 |   167 |   542 ||   755
       Unarmed           |       |    18 |       |       ||    18
       Hand axe          |       |       |       |   431 ||   431
Throw: Tomahawk          |       |     1 |       |       ||     1
       Javelin           |       |       |    27 |    38 ||    65
Invok: Depart the Abyss  |     1 |       |       |       ||     1
       Banish            |       |       |       |     6 ||     6
Evoke: Wand              |       |       |     1 |       ||     1
  Use: Scroll            |     4 |     2 |     6 |     5 ||    17
       Potion            |       |     7 |     3 |     5 ||    15
  Eat: Chunk             |     2 |     2 |    14 |    24 ||    42
       Ration            |       |     1 |     1 |     3 ||     5
Armor: Ring mail         |   110 |   109 |   144 |       ||   363
       Chain mail        |       |       |   211 |       ||   211
       Plate armour      |       |       |    36 |   756 ||   792
Dodge: Dodged            |    85 |    58 |   130 |    26 ||   299
Block: Shield            |       |    32 |   300 |   220 ||   552
       Large shield      |       |       |       |  1390 ||  1390
       Reflection        |       |       |       |    18 ||    18
       Rpst.: Falchion   |    31 |    13 |    43 |     2 ||    89
